 Dungeon Crawl Stone Soup version 0.30-a0-800-g7c544603b3 (webtiles) character file.

Game seed: 14392301979413456754

224 Newt the Chucker (level 5, -3/63 HPs)
             Began as a Demonspawn Gladiator on Feb 22, 2023.
             Slain by an orc
             ... wielding a +0 mace
              (5 damage)
             ... on level 3 of the Dungeon.
             The game lasted 00:02:31 (2195 turns).

Newt the Chucker (Demonspawn Gladiator)             Turns: 2195, Time: 00:02:32

Health: -3/63      AC:  4    Str: 17    XL:     5   Next: 67%
Magic:  0/5        EV: 12    Int:  9    God:
Gold:   151        SH:  0    Dex: 14    Spells: 4/4 levels left

rFire   . . .      SeeInvis .    a - +0 rapier
rCold   . . .      Faith    .    (no shield)
rNeg    . . .      Spirit   +    b - +0 leather armour
rPois   .          Reflect  .    (helmet restricted)
rElec   .          Harm     .    h - +0 cloak
rCorr   +          Rampage  .    (no gloves)
Will    .....                    (no boots) Stlth
                                 (no amulet)
HPRegen 0.30/turn                l - ring of resist corrosion
MPRegen 0.18/turn                (no ring)

@: berserking, very quick
A: antennae 2, magic shield, magic regeneration
a: no special abilities


You were on level 3 of the Dungeon.
You visited 1 branch of the dungeon, and saw 3 of its levels.

You collected 151 gold pieces.

Inventory:

Hand Weapons
 a - a +0 rapier (weapon)
Missiles
 d - 3 throwing nets
 p - 8 boomerangs (quivered)
Armour
 b - a +0 leather armour (worn)
 c - a +0 helmet
 h - a +0 cloak (worn)
Jewellery
 l - a ring of resist corrosion (left hand)
Scrolls
 m - 2 scrolls of poison
 r - 2 scrolls of teleportation
Potions
 f - a potion of ambrosia {unknown}
 i - 3 potions of attraction {unknown}
 j - 2 potions of mutation
 k - 2 potions of might
 n - a potion of haste
 o - a potion of curing {unknown}
 s - a potion of invisibility {unknown}


   Skills:
 - Level 4.0 Fighting
 - Level 2.6 Short Blades
 + Level 4.1 Throwing
 - Level 2.6 Dodging
 - Level 1.5 Stealth


You had 4 spell levels left.
You didn't know any spells.
Your spell library contained the following spells:

 Spells                   Type           Power      Damage    Failure   Level
 Foxfire                  Conj/Fire      0%         2x1d4     45%         1
 Sandblast                Erth           0%         2d4       45%         1
 Passwall                 Tmut/Erth      0%         N/A       58%         2
 Ozocubu's Armour         Ice            0%         N/A       83%         3
 Stone Arrow              Conj/Erth      0%         3d7       83%         3
 Fireball                 Conj/Fire      0%         3d3       100%        5
 Starburst                Conj/Fire      0%         6d3       100%        6
 Ozocubu's Refrigeration  Ice            0%         4d7       100%        7


Dungeon Overview and Level Annotations

Branches:
Dungeon (3/15)

Altars:

Shops:
D:1 !


Innate Abilities, Weirdness & Mutations

You have a pair of antennae on your head.
When hurt, damage is shared between your health and your magic reserves.
You regenerate magic rapidly.


Message History

You barely miss the orc priest.
The orc priest is heavily wounded.
The orc priest looks encouraged for a moment.
You hit the orc priest but do no damage.
The orc priest is heavily wounded.
An orc comes into view. It is wielding a +0 mace.
The orc priest invokes the aid of Beogh against you.
Beogh smites you!
You hit the orc priest but do no damage.
The orc priest is heavily wounded.
The orc priest hits you with a +0 club.
* * * LOW HITPOINT WARNING * * *
You hit the orc priest but do no damage.
The orc priest is heavily wounded.
The orc barely misses you.
The orc priest invokes the aid of Beogh against you.
Pain shoots through your body!
* * * LOW HITPOINT WARNING * * *
A red film seems to cover your vision as you go berserk!
You feel yourself moving faster!
You feel mighty! The orc completely misses you.
The orc priest calls down the wrath of Beogh upon you.
Beogh smites you!
* * * LOW HITPOINT WARNING * * *
You barely miss the orc priest.
The orc priest is moderately wounded.
The orc hits you with a +0 mace.
* * * LOW HITPOINT WARNING * * *
The orc priest hits you but does no damage.
You are too berserk!
You hit the orc priest but do no damage.
The orc priest is moderately wounded.
You hit the orc priest but do no damage.
The orc priest is moderately wounded.
The orc barely misses you.
The orc priest hits you but does no damage.
You hit the orc priest but do no damage.
The orc priest is moderately wounded.
The orc hits you with a +0 mace.
You die...

##########......## .
.........'.........
##########......####
# #......... ..
#.......###.##
#######.......#.....
#.....'.............
#.#####......o#
#######@# #o#
####### #.# .....<#
#)# ####### #.# #.#
#.# #.#


You could see an orc priest and an orc.

Vanquished Creatures
  Sigmund (D:3)
  A gnoll (D:1)
  An adder (D:2)
  A worm (D:3)
  2 orcs (D:3)
  6 ball pythons
  3 bats
  3 endoplasms (D:2)
  3 giant cockroaches
  6 goblins
  4 hobgoblins
  4 jackals (D:1)
  A kobold (D:1)
  3 quokkas
  A frilled lizard (D:2)
  5 rats
45 creatures vanquished.

Vanquished Creatures (others)
  3 plants (D:2)
3 creatures vanquished.

Grand Total: 48 creatures vanquished

Notes
Turn   | Place    | Note
-------+----------+-------------------------------------------
     0 | D:1      | Newt the Demonspawn Gladiator began the quest for the Orb.
     0 | D:1      | Reached XP level 1. HP: 16/16 MP: 1/1
    73 | D:1      | Reached skill level 1 in Stealth
    87 | D:1      | Gained mutation: You regenerate magic rapidly. [demonic
                  | ancestry]
    87 | D:1      | Reached XP level 2. HP: 14/22 MP: 2/2
   393 | D:1      | Found Ocwarier's Distillery.
   598 | D:1      | Gained mutation: When hurt, damage is shared between your
                  | health and your magic reserves. [demonic ancestry]
   598 | D:1      | Reached XP level 3. HP: 27/29 MP: 3/3
  1738 | D:3      | Noticed Sigmund
  1744 | D:3      | Killed Sigmund
  1745 | D:3      | Gained mutation: You have a pair of small antennae on your
                  | head. [demonic ancestry]
  1745 | D:3      | Reached XP level 4. HP: 32/37 MP: 2/4
  1745 | D:3      | Gained mutation: You have a pair of antennae on your head.
                  | [demonic ancestry]
  1745 | D:3      | Reached XP level 5. HP: 36/42 MP: 2/5
  2191 | D:3      | HP: 3/63 [orc priest/divine providence (10)]
  2195 | D:3      | Slain by an orc

Illustrated notes

Levels and vault maps discovered:
D:1:      amcnicky_arrival_gap_in_the_tavern_cellar, layout_rooms, serial_shops,
          nicolae_shop_trees
D:2:      layout_basic, serial_bayou, serial_bayou_pond_e, serial_bayou_pond_a,
          serial_bayou_pond_e, serial_bayou_pond_b, serial_bayou_pond_b,
          chequers_hall_statues_corner_a, chequers_mini_garden,
          bh_walls_and_bars
D:3:      layout_basic, minmay_misc_feat_rows, minmay_misc_feat_diagonals,
          uniq_sigmund

Skill      XL: |  1  2  3 |
---------------+----------+-----
Stealth        | 1 |  1.5
Fighting       | 3 4 |  4.0
Throwing       | 4 |  4.1
Short Blades   | |  2.6
Dodging        | |  2.6

Action                     |  1- 3 |  4- 6 || total
---------------------------+-------+-------++-------
  Melee: Rapier            |   111 |    34 ||   145
         Punch             |     3 |     2 ||     5
  Throw: Throwing net      |     1 |       ||     1
         Boomerang         |     4 |     5 ||     9
         Javelin           |     2 |     1 ||     3
    Use: Scroll            |     9 |     1 ||    10
         Potion            |       |     1 ||     1
   Stab: Sleeping          |     2 |     1 ||     3
 Armour: Leather armour    |    47 |     9 ||    56
  Dodge: Dodged            |    91 |    14 ||   105

Table legend: (Time is in decaauts)
 A = Elapsed time spent in this place.
 B = Non-inter-level travel time spent in this place.
 C = Inter-level travel time spent in this place.
 D = Time resting spent in this place.
 E = Time spent auto-exploring this place.
 F = Levels seen in this place.
 G = Mean time per level.
                   A        B        C        D        E       F      G
               +--------+--------+--------+--------+--------+-----+--------+
         Total |   2208 |   2160 |     48 |    534 |   1255 |   3 |  736.0 |
       Dungeon |   2208 |   2160 |     48 |    534 |   1255 |   3 |  736.0 |
               +--------+--------+--------+--------+--------+-----+--------+

Top non-repeatable levels by time:
     D:2: 987 daAuts
     D:1: 705 daAuts
     D:3: 516 daAuts
